 Dungeon Crawl Stone Soup version 0.30-a0-738-g116ff8c4af (webtiles) character file.

Game seed: 15873964389488442656

75 Monkooky the Sneak (level 3, 0/29 HPs)
             Began as a Demigod Brigand on Feb 3, 2023.
             Slain by Natasha (5 damage)
             ... on level 2 of the Dungeon.
             The game lasted 00:02:16 (1184 turns).

Monkooky the Sneak (Demigod Brigand)                Turns: 1184, Time: 00:02:16

Health: 0/29       AC:  3    Str: 12    XL:     3   Next: 88%
Magic:  5/5        EV: 12    Int: 13    God:
Gold:   79         SH:  0    Dex: 19    Spells: 2/2 levels left

rFire   . . .      SeeInvis +    m - +3 dagger
rCold   . . .      Faith    .    (no shield)
rNeg    . . .      Spirit   .    b - +0 robe
rPois   .          Reflect  .    (no helmet)
rElec   .          Harm     .    c - +0 cloak
rCorr   .          Rampage  .    (no gloves)
Will    .....                    (no boots)
Stlth   +++                      (no amulet)
HPRegen 0.24/turn                g - ring of see invisible
MPRegen 0.09/turn                (no ring)

@: slowed, very slow
A: high MP 1, forlorn, divine attributes
a: no special abilities


You were on level 2 of the Dungeon.
You visited 1 branch of the dungeon, and saw 2 of its levels.

You collected 79 gold pieces.

Inventory:

Hand Weapons
 a - a +2 dagger
 m - a +3 dagger (weapon)
Missiles
 d - 11 poisoned darts (quivered)
 e - a curare-tipped dart
Armour
 b - a +0 robe (worn)
 c - a +0 cloak (worn)
Jewellery
 g - a ring of see invisible (left hand)
Scrolls
 f - a scroll of silence {unknown}
 i - a scroll of magic mapping {unknown}
 j - 2 scrolls of amnesia {unknown}
 q - 2 scrolls of identify {unknown}
Potions
 h - 2 potions of curing {unknown}
 k - 2 potions of cancellation {unknown}
 l - a potion of might {unknown}
 n - a potion of mutation {unknown}
 o - a potion of degeneration {unknown}
 p - a potion of lignification {unknown}
 r - a potion of haste {unknown}


   Skills:
 - Level 2.0 Fighting
 - Level 2.0 Short Blades
 + Level 3.6 Throwing
 - Level 1.1 Dodging
 - Level 3.7 Stealth


You had 2 spell levels left.
You didn't know any spells.
Your spell library was empty.

Dungeon Overview and Level Annotations

Branches:
Dungeon (2/15)

Shops:
D:1 =

Annotations:
D:2 Natasha


Innate Abilities, Weirdness & Mutations

You have an increased reservoir of magic. (+10% MP)
You shall have no god before yourself.
Your divine heritage dramatically boosts your attributes as you level up.


Message History

No target in view!
No target in view!
No target in view!
No target in view!
Natasha, Servant of Life and Death comes into view.
She is carrying a wand of flame (18).
Natasha is nearby!
You see here a worm corpse.
You miss Natasha.
Natasha hisses angrily.
Natasha wildly gestures.
You feel troubled. Natasha claws you!
You barely miss Natasha.
Natasha mewls in sadness.
Natasha claws you.
You hit Natasha.
Natasha is moderately wounded.
Natasha barely misses you.
You hit Natasha.
Natasha is heavily wounded.
Natasha zaps a wand.
The puff of flame hits you!
* * * LOW HITPOINT WARNING * * *
You hit Natasha. You punch Natasha, but do no damage.
Natasha is severely wounded.
Natasha barely misses you.
Throw: 3 darts (curare)
Press: ? - help, Shift-Dir - straight line, f - Natasha
Aim: Natasha, carrying a wand of flame (17) (severely wounded, 56% to hit)
You throw a curare-tipped dart. The curare-tipped dart misses Natasha.
Natasha stares at you and mumbles some strange words.
You feel yourself slow down.
Throw: 2 darts (curare)
Press: ? - help, Shift-Dir - straight line, f/p - Natasha
Aim: Natasha, carrying a wand of flame (17) (heavily wounded, 56% to hit)
You throw a curare-tipped dart. The curare-tipped dart hits Natasha.
Natasha is poisoned.
Natasha convulses.
Natasha seems to slow down.
Natasha is severely wounded.
Natasha claws you.
You die...

..†.....# #.#....#
#.. ........#
#.#....# ###
........# #.#....#
........# #......#
........# #.##...#
........# #.###.##
........# #.# #.#
........#
#.###h########
........#
#.#...@......#
........#
#.#..........#
#########
#.#..†........
#.#..).?......
#######.###.######..
#...........# .
#.(.........#
#.......[...#
#...........#


You could see Natasha (very poisoned, slow).

Vanquished Creatures
  Natasha (D:2)
  An adder (D:2)
  A worm (D:2)
  2 dart slugs (D:1)
  6 endoplasms
  A giant cockroach (D:2)
  6 goblins
  2 hobgoblins (D:1)
  4 jackals (D:1)
  2 kobolds (D:1)
  2 ball pythons
  2 bats (D:2)
  2 rats
32 creatures vanquished.

Notes
Turn   | Place    | Note
-------+----------+-------------------------------------------
     0 | D:1      | Monkooky the Demigod Brigand began the quest for the Orb.
     0 | D:1      | Reached XP level 1. HP: 17/17 MP: 3/3
    39 | D:1      | Reached skill level 1 in Dodging
   136 | D:1      | Found Deusk's Jewellery Boutique.
   175 | D:1      | Reached XP level 2. HP: 11/24 MP: 4/4
   631 | D:1      | You fall into a shaft and drop 1 floor!
   775 | D:2      | Reached XP level 3. HP: 29/29 MP: 5/5
   847 | D:2      | Noticed Natasha
   854 | D:2      | Killed Natasha
  1174 | D:2      | Noticed Natasha
  1184 | D:2      | Slain by Natasha

Illustrated notes

Levels and vault maps discovered:
D:1:      tarquinn_simple_flora_water_e, layout_loops_ring, serial_shops, shop,
          skrybe_limestone_x
D:2:      layout_basic, moated_statue, minivault_5, uniq_natasha

Skill      XL: |  1  2  3 |
---------------+----------+-----
Dodging        | 1 |  1.1
Short Blades   | 2 |  2.0
Throwing       | 2 3 |  3.6
Fighting       | 2 |  2.0
Stealth        | |  3.7

Action                     || total
---------------------------++-------
  Melee: Dagger            ||   111
         Punch             ||     3
  Throw: Dart              ||     2
   Stab: Sleeping          ||     4
 Armour: Robe              ||    28
  Dodge: Dodged            ||    61

Table legend: (Time is in decaauts)
 A = Elapsed time spent in this place.
 B = Non-inter-level travel time spent in this place.
 C = Inter-level travel time spent in this place.
 D = Time resting spent in this place.
 E = Time spent auto-exploring this place.
 F = Levels seen in this place.
 G = Mean time per level.
                   A        B        C        D        E       F      G
               +--------+--------+--------+--------+--------+-----+--------+
         Total |   1177 |   1177 |      0 |      2 |    927 |   2 |  588.5 |
       Dungeon |   1177 |   1177 |      0 |      2 |    927 |   2 |  588.5 |
               +--------+--------+--------+--------+--------+-----+--------+

Top non-repeatable levels by time:
     D:1: 623 daAuts
     D:2: 554 daAuts
